 Dungeon Crawl Stone Soup version 0.29-a0-322-g68df515428 (webtiles) character file.

Game seed: 14757494350475254579

12449 kae the Destroyer (level 11, -6/67 HPs)
             Began as a Tengu Fire Elementalist on Apr 7, 2022.
             Was a Priest of Sif Muna.
             Engulfed by a cloud of flame (12 damage)
             ... on level 11 of the Dungeon.
             The game lasted 00:13:09 (18277 turns).

kae the Destroyer (Tengu Fire Elementalist)        Turns: 18277, Time: 00:13:10

Health: -6/67      AC:  4    Str:  9    XL:     11   Next: 93%
Magic:  12/22      EV: 20    Int: 19    God:    Sif Muna [***...]
Gold:   436        SH:  0    Dex: 17    Spells: 11/24 levels left

rFire   + . .      SeeInvis .   w - +5 battleaxe (venom)
rCold   . . .      Faith    .   (shield currently unavailable)
rNeg    . . .      Spirit   .   A - +2 robe of the Ecumenical Temple {Will++ Dex+2}
rPois   .          Reflect  .   E - +0 hat
rElec   .          Harm     .   (no cloak)
rCorr   .          Rampage  .   (no gloves)
Will    ++...                   (boots unavailable)
Stlth   ++........              t - amulet of regeneration
HPRegen 1.01/turn               q - ring of protection from fire
MPRegen 0.18/turn               (no ring)

@: flying quickly and evasively, quick
A: beak, talons 3, nimble flight
a: Renounce Religion, Channel Magic, Forget Spell


You were on level 11 of the Dungeon.
You worshipped Sif Muna.
Sif Muna was most pleased with you.
You visited 2 branches of the dungeon, and saw 12 of its levels.
You also visited: Ossuary.

You collected 640 gold pieces.
You spent 204 gold pieces at shops.

Inventory:

Hand Weapons
 c - a +1 mace of venom
 n - a +2 dagger of flaming
 w - a +5 battleaxe of venom (weapon)
Armour
 a - a +1 robe
 m - the +0 ring mail of the Heavens {rPois rF- Will+}
   (You found it on level 2 of the Dungeon)

   rF:        It makes you vulnerable to fire.
   rPois:     It protects you from poison.
   Will:      It increases your willpower.
 A - the +2 robe of the Ecumenical Temple (worn) {Will++ Dex+2}
   (You took it off an orc on level 6 of the Dungeon)

   Dex:       It affects your dexterity (+2).
   Will:      It greatly increases your willpower.
 E - a +0 hat (worn)
Magical Staves
 D - a staff of fire
Jewellery
 f - a ring of ice
 q - a ring of protection from fire (left hand)
 t - an amulet of regeneration (around neck)
 B - an amulet of reflection
 F - a ring of ice
 I - an amulet of magic regeneration
Wands
 e - a wand of flame (37)
 j - a wand of paralysis (7)
 H - a wand of acid (8)
Scrolls
 g - 4 scrolls of fog
 h - 5 scrolls of teleportation
 l - 3 scrolls of amnesia
 o - 7 scrolls of identify
 v - 2 scrolls of enchant armour
 y - 2 scrolls of enchant weapon
 K - a scroll of immolation {unknown}
Potions
 b - 2 potions of magic
 d - a potion of flight
 i - 6 potions of curing
 k - a potion of might
 p - 4 potions of brilliance
 r - a potion of berserk rage
 s - a potion of ambrosia
 u - 2 potions of degeneration
 x - 2 potions of mutation
 z - 3 potions of lignification
 C - a potion of cancellation
 G - 2 potions of attraction
 J - a potion of resistance {unknown}


   Skills:
 + Level 7.4 Fighting
 + Level 2.2 Staves
 + Level 8.2 Armour
 + Level 8.5 Dodging
 - Level 2.0 Stealth
 + Level 7.1 Spellcasting
 + Level 9.8 Conjurations
 + Level 9.0 Fire Magic
 + Level 1.8 Invocations
 + Level 2.1 Evocations


You had 11 spell levels left.
You knew the following spells:

 Your Spells              Type           Power      Damage    Failure   Level
a - Foxfire               Conj/Fire      100%       2x1d9     1%          1
b - Scorch                Fire           82%        2d9       1%          2
c - Conjure Flame         Conj/Fire      42%        6-21      1%          3
d - Inner Flame           Hex/Fire       23%        N/A       4%          3
e - Flame Wave            Conj/Fire      42%        2d9       1%          4

Your spell library contained the following spells:

 Spells                   Type           Power      Damage    Failure   Level
 Dazzling Flash           Conj/Hex       50%        N/A       4%          3
 Stone Arrow              Conj/Erth      50%        3d10      4%          3
 Mephitic Cloud           Conj/Pois/Air  19%        N/A       8%          3
 Ignite Poison            Fire/Tmut/Pois 18%        N/A       9%          3
 Beastly Appendage        Tmut           12%        N/A       10%         1
 Sandblast                Erth           12%        2d6       10%         1
 Sting                    Tmut/Pois      24%        1d4       10%         1
 Corpse Rot               Necr/Air       12%        N/A       16%         2
 Passwall                 Tmut/Erth      5%         N/A       16%         2
 Poisonous Vapours        Pois/Air       12%        N/A       16%         2
 Sublimation of Blood     Necr           6%         N/A       16%         2
 Wereblood                Tmut           6%         N/A       16%         2
 Frozen Ramparts          Ice            12%        1d3       30%         3
 Portal Projectile        Hex/Tloc       12%        N/A       30%         3
 Spider Form              Tmut/Pois      6%         N/A       30%         3
 Irradiate                Conj/Tmut      12%        3d17      36%         5
 Lightning Bolt           Conj/Air       12%        1d26      36%         5
 Airstrike                Air            3%         N/A       69%         4
 Ice Form                 Ice/Tmut       6%         N/A       69%         4
 Olgreb's Toxic Radiance  Pois           6%         N/A       69%         4
 Summon Ice Beast         Ice/Summ       6%         N/A       69%         4
 Summon Lightning Spire   Summ/Air       6%         N/A       69%         4
 Agony                    Necr           6%         N/A       95%         5
 Blade Hands              Tmut           3%         N/A       95%         5
 Excruciating Wounds      Necr           3%         N/A       95%         5
 Silence                  Hex/Air        3%         N/A       95%         5
 Summon Hydra             Summ           3%         N/A       100%        7


Dungeon Overview and Level Annotations

Branches:
Dungeon (11/15)            Temple (1/1) D:7            Lair (0/6) D:10
Ossuary (visited)
    Orc: D:9-12

Altars:
Ashenzari
Cheibriados
Dithmenos
Elyvilon
Fedhas
Gozag
Hepliaklqana
Kikubaaqudgha
Makhleb
Nemelex Xobeh
Okawaru
Qazlal
Ru
Sif Muna
Trog
Uskayaw
Vehumet
Wu Jian
Xom
Yredelemnul
Zin
The Shining One
Beogh

Shops:
D:2 *   D:4 *   D:7 ![

Annotations:
D:4 Edmund
D:7 3 runed translucent doors, Namnaref's ghost, novice GrBe
D:10 1 runed translucent door, Amaemon; qborf's ghost, novice DDFi
D:11 exclusion: gargoyle


Innate Abilities, Weirdness & Mutations

You have a beak for a mouth.
You have claws for feet.
Your magical nature lets you fly swiftly and evasively.


Message History

Harold is filled with an inner flame.
Harold grumbles, "Just give up already, I want to go home!"
Casting: Inner Flame (dangerous; 4% risk of failure)
Confirm with . or Enter, or press ? or * to list all spells.
Flames lash Harold.
Flame seeps out of Harold.
Harold is lightly wounded.
Harold's fire resistance burns away.
Harold is engulfed in blazing flames.
Flame seeps out of Harold.
Harold throws a throwing net.
The throwing net barely misses you.
Harold is engulfed in blazing flames.
Flame seeps out of Harold.
Harold fires a harpoon shot at you. The harpoon shot hits you!
You are yanked forward by the harpoon shot.
Casting: Scorch (safe; 1% risk of failure)
Confirm with . or Enter, or press ? or * to list all spells.
Flames lash Harold.
Harold is burned terribly!
Flame seeps out of Harold.
Harold is heavily wounded.
Harold is engulfed in blazing flames.
Flame seeps out of Harold.
Harold hits you with a +0 glaive!!
Harold considers, "I think I'll use your bounty to get a fishing boat..."
Harold hits you with a +0 glaive!!
* * * LOW HITPOINT WARNING * * *
Casting: Scorch (safe; 1% risk of failure)
Confirm with . or Enter, or press ? or * to list all spells.
Flames lash Harold but do no damage.
Harold closely misses you.
The sentinel's mark upon you fades away.
Harold barely misses you.
Casting: Scorch (safe; 1% risk of failure)
Confirm with . or Enter, or press ? or * to list all spells.
Flames lash Harold.
Harold is burned terribly!
Flame seeps out of Harold.
Harold is almost dead.
Harold is engulfed in blazing flames.
Sif Muna accepts your kill.
Harold explodes!
The fiery explosion engulfs you! You resist.
* * * LOW HITPOINT WARNING * * *
Your Fire Magic skill increases to level 9!
Your Evocations skill increases to level 2!
You are engulfed in blazing flames.
You resist.
You die...

......# ##.####..# #.# #. ##..###
#.# #..####.## ##) #...# ###.#
#........###.# #.#.# #...#
##.######...## ##.#.# #.#.# #.#
#.#### ...#.# ####.#.# #.# #.# #
####.# #....#.. ##.# ###.#### #
#.# #.#######§##.. ..#.)(..
####.### #....#.@○§#### #.#.####
##.....# ####.#(##########.#.#
...###.######.#.........##.#.#
...# #.........>.######.##.#.#
##.###.######..#.##.##...#.#.####
##.....# #..#.#}#..#)#..#.....
.##..########..#..##..#.#...###9#
.##.........#..#.##.......#.....#
......#........#.)....#.#...#####


There were no monsters in sight!

Vanquished Creatures
  Harold (D:11)
  Erica (D:11)
  2 centaur warriors
  A two-headed ogre (D:9)
  Pikel (D:8)
  A deep elf pyromancer (D:10)
  A manticore (D:10)
  An unseen horror (D:10)
  A gargoyle (D:10)
  An orange demon (D:10)
  A komodo dragon (D:10)
  3 trolls
  A hornet (D:8)
  A culicivora (shapeshifter) (D:10)
  A wyvern (D:6)
  A shadow (D:11)
  A wraith (D:9)
  4 yaks (D:11)
  Grum (D:8)
  A basilisk (D:10)
  Menkaure (D:6)
  A steam dragon (D:7)
  An orc warrior (D:9)
  3 ice beasts
  A sky beast (D:7)
  3 ogres
  4 wolves (D:8)
  4 centaurs
  A lemure (D:8)
  2 phantoms
  4 kobold brigands
  6 elf zombies (Ossuary)
  A necrophage (D:7)
  4 scorpions
  16 wights
  3 howler monkeys (D:10)
  2 human zombies (Ossuary)
  6 orc priests
  4 centaur zombies (Ossuary)
  2 hounds
  A jelly (D:4)
  Natasha (thrice) (D:4)
  3 iguanas
  12 orc wizards
  3 mummies (Ossuary)
  7 adders
  7 gnolls
  2 white imps (D:7)
  2 ufetubi
  2 worms
  2 dart slugs (D:2)
  35 orcs
  6 endoplasms
  3 giant cockroaches
  7 goblins
  6 hobgoblins
  7 quokkas
  7 ball pythons
  4 bats (D:1)
  3 frilled lizards
  25 kobolds
  4 rats
246 creatures vanquished.

Vanquished Creatures (collateral kills)
  A foxfire (D:7)
1 creature vanquished.

Vanquished Creatures (others)
  717 foxfires
  4 plants (D:10)
721 creatures vanquished.

Grand Total: 968 creatures vanquished

Notes
Turn   | Place    | Note
-------+----------+-------------------------------------------
     0 | D:1      | kae the Tengu Fire Elementalist began the quest for the
                  | Orb.
     0 | D:1      | Reached XP level 1. HP: 10/10 MP: 4/4
    41 | D:1      | Found a faded altar of an unknown god.
   250 | D:1      | Reached XP level 2. HP: 16/16 MP: 4/6
   254 | D:1      | Learned a level 2 spell: Scorch
  1164 | D:1      | Reached XP level 3. HP: 20/20 MP: 2/7
  1168 | D:1      | Learned a level 3 spell: Conjure Flame
  1273 | D:1      | Reached skill level 1 in Armour
  2075 | D:2      | Got the Guide on Mutagenic Poisoning
  2201 | D:2      | Found Maitod's Assorted Antiques.
  2209 | D:2      | Bought a metallic grey potion for 26 gold pieces
  2224 | D:2      | Reached skill level 1 in Fighting
  2460 | D:2      | Reached XP level 4. HP: 14/25 MP: 4/8
  3037 | D:2      | Identified the +0 ring mail of the Heavens {rPois rF-
                  | Will+}
  3577 | D:2      | Gained mutation: Your magical nature lets you fly swiftly
                  | and evasively. [Tengu growth]
  3577 | D:2      | Reached XP level 5. HP: 29/29 MP: 4/9
  4127 | D:3      | You are sucked into a shaft and drop 1 floor!
  4148 | D:4      | Learned a level 3 spell: Inner Flame
  4158 | D:4      | Reached XP level 6. HP: 35/35 MP: 0/11
  4646 | D:4      | Noticed Edmund
  5091 | D:3      | Reached XP level 7. HP: 40/40 MP: 6/12
  5660 | D:4      | Noticed Natasha
  5669 | D:4      | Killed Natasha
  5687 | D:4      | Noticed Natasha
  5695 | D:4      | Killed Natasha
  5902 | D:4      | Found Fuma's Assorted Antiques.
  5907 | D:4      | Bought a scroll labelled VIKHLE LIZIA for 32 gold pieces
  5907 | D:4      | Bought a scroll labelled SUDDOAS OKKE for 32 gold pieces
  5907 | D:4      | Bought a scroll of identify for 64 gold pieces
  6161 | D:4      | Noticed Natasha
  6166 | D:4      | Killed Natasha
  6327 | D:5      | Entered Level 5 of the Dungeon
  6953 | D:5      | Reached skill level 5 in Fire Magic
  7096 | D:5      | Reached XP level 8. HP: 46/46 MP: 8/14
  7462 | D:5      | Reached skill level 5 in Conjurations
  7533 | D:6      | Identified the +2 robe of the Ecumenical Temple {Will++
                  | Dex+2}
  7940 | D:6      | Reached skill level 5 in Dodging
  8297 | D:6      | Noticed a wyvern
  8303 | D:6      | Noticed Menkaure
  8304 | D:6      | Killed a wyvern
  8311 | D:6      | Killed Menkaure
  8318 | D:6      | Reached XP level 9. HP: 13/52 MP: 5/16
  8592 | D:6      | HP: 2/52 [centaur/arrow (1)]
  8635 | D:6      | Reached skill level 5 in Armour
  9267 | D:7      | Found a sand-covered staircase.
  9271 | Ossuary  | Entered an ossuary
 10112 | D:7      | Reached skill level 5 in Spellcasting
 10134 | D:7      | Reached skill level 5 in Fighting
 10279 | D:7      | Found a staircase to the Ecumenical Temple.
 10326 | Temple   | Entered the Ecumenical Temple
 10608 | Temple   | Became a worshipper of Sif Muna the Loreminder
 10711 | D:7      | Identified the +9 whip "Jellybane" {venom, Str+4 Int+2
                  | Stlth-}
 10770 | D:7      | Noticed a troll
 10787 | D:7      | Killed a troll
 10989 | D:7      | Found Qonusia Veig's Distillery.
 10992 | D:7      | Bought a potion of heal wounds for 50 gold pieces
 11012 | D:7      | Reached XP level 10. HP: 59/59 MP: 13/19
 11141 | D:7      | Found Opadi's Antique Armour Shop.
 11863 | D:7      | Found a runed translucent gate.
 11863 | D:7      | Found a runed translucent gate.
 11863 | D:7      | Found a runed translucent gate.
 11870 | D:7      | Noticed Namnaref's ghost (novice GrBe)
 12332 | D:8      | Reached * piety under Sif Muna
 12411 | D:8      | Noticed Pikel
 12515 | D:8      | Killed Pikel
 12617 | D:8      | Noticed Grum
 12628 | D:8      | Killed Grum
 13998 | D:9      | Noticed a two-headed ogre
 14048 | D:9      | Killed a two-headed ogre
 14515 | D:9      | Found a sparkling altar of Nemelex Xobeh.
 14864 | D:10     | Entered Level 10 of the Dungeon
 14959 | D:10     | Reached ** piety under Sif Muna
 15156 | D:10     | Reached XP level 11. HP: 60/66 MP: 19/21
 15255 | D:10     | Noticed Amaemon
 15542 | D:10     | Found a runed translucent door.
 15542 | D:10     | Found a shimmering altar of Xom.
 15542 | D:10     | Noticed qborf's ghost (novice DDFi)
 15545 | D:10     | Noticed a +0 hand axe of chaos
 15557 | D:10     | Noticed a manticore
 15617 | D:10     | Learned a level 4 spell: Flame Wave
 15645 | D:10     | Noticed a centaur warrior
 15656 | D:10     | Killed a centaur warrior
 15750 | D:10     | Found a staircase to the Lair.
 15787 | D:10     | Noticed a deep elf pyromancer
 15808 | D:10     | Noticed a harpy
 15921 | D:10     | Killed a manticore
 15968 | D:10     | Killed a deep elf pyromancer
 16888 | D:11     | Noticed a centaur warrior
 17040 | D:11     | Killed a centaur warrior
 17041 | D:11     | Reached skill level 1 in Staves
 17041 | D:11     | Reached skill level 1 in Evocations
 17137 | D:11     | Reached skill level 1 in Invocations
 17402 | D:11     | Reached *** piety under Sif Muna
 17537 | D:11     | Noticed Harold
 17794 | D:10     | HP: 3/67 [cloud of flame (8)]
 18013 | D:11     | Noticed Erica
 18021 | D:11     | Killed Erica
 18276 | D:11     | Killed Harold
 18277 | D:11     | Engulfed by a cloud of flame

Illustrated notes

Levels and vault maps discovered:
D:1:      wander_arrival_lonely_grave, layout_basic,
          ebering_ecumenical_altar_sacrificial, chequers_serial_rivers_micro_b
D:2:      layout_basic, serial_shops, nicolae_shop_stone
D:3:      layout_basic, serial_corexii_hall, corexii_hall_statues_l,
          corexii_hall_statues_l, corexii_hall_statues_t,
          corexii_hall_statues_x, chequers_hall_statues_corner_a,
          corexii_hall_statues_l
D:4:      layout_basic, serial_shops, nicolae_square_shop, uniq_edmund,
          uniq_natasha
D:5:      layout_basic, eino_small_chamber_without_monster,
          minmay_misc_feat_more_columns
D:6:      layout_loops_ring, minivault_22, uniq_menkaure
D:7:      layout_layer_cave, minmay_temple_entry_wispy,
          biasface_ghost_orc_armoury, serial_shops, nicolae_shop_behind_doors,
          nicolae_shop_statue_plus, enter_ossuary_5
D:8:      layout_loops_ring, uniq_pikel, uniq_grum
D:9:      layout_irregular_city, nemelex_diamond_rough_becter, serial_glass,
          glass_columns_a, glass_columns_a, glass_columns_a, glass_columns_b,
          glass_columns_b, glass_columns_a, glass_columns_c, glass_columns_c,
          chequers_jeans
D:10:     layout_long_grid, david_lair_shrubbed, ebering_ghost_xom,
          minmay_diamond_spiral, uniq_amaemon
D:11:     layout_loops_ring, uniq_erica, uniq_harold
Temple:   compressed_dpeg_triangle_lava_temple

Skill      XL: |  1  2  3  4  5  6  7  8  9 10 11 |
---------------+----------------------------------+-----
Conjurations   | 2 3 4 5 7 8 9 |  9.8
Armour         | 1 2 3 4 6 7 8 |  8.2
Fighting       | 1 2 3 4 5 6 7 |  7.4
Dodging        | 3 4 5 6 7 8 |  8.5
Fire Magic     | 4 5 7 8 9 |  9.0
Spellcasting   | 3 4 5 6 7 |  7.1
Staves         | 2 |  2.2
Evocations     | 2 |  2.1
Invocations    | 1 |  1.8
Stealth        | |  2.0

Action                   |  1- 3 |  4- 6 |  7- 9 | 10-12 || total
-------------------------+-------+-------+-------+-------++-------
Melee: Unarmed           |     6 |       |       |       ||     6
       Kick              |     2 |     2 |    33 |    28 ||    65
       Mace              |    13 |     1 |       |       ||    14
       Peck              |     3 |     1 |    18 |    11 ||    33
       Dagger            |       |    10 |       |       ||    10
       Battleaxe         |       |       |    80 |    62 ||   142
 Cast: Foxfire           |    60 |    98 |   112 |   163 ||   433
       Scorch            |     7 |    10 |    62 |   101 ||   180
       Conjure Flame     |       |     1 |     6 |    14 ||    21
       Inner Flame       |       |       |       |     6 ||     6
Evoke: Wand              |       |       |       |     3 ||     3
  Use: Scroll            |     5 |       |    18 |     2 ||    25
       Potion            |       |       |     1 |     4 ||     5
 Stab: Sleeping          |       |       |       |     1 ||     1
Armor: Robe              |     7 |       |    34 |    35 ||    76
Dodge: Dodged            |    17 |    12 |   137 |   241 ||   407

Table legend: (Time is in decaauts)
 A = Elapsed time spent in this place.
 B = Non-inter-level travel time spent in this place.
 C = Inter-level travel time spent in this place.
 D = Time resting spent in this place.
 E = Time spent auto-exploring this place.
 F = Levels seen in this place.
 G = Mean time per level.
                   A        B        C        D        E       F      G
               +--------+--------+--------+--------+--------+-----+--------+
         Total |  17647 |  17146 |    501 |   1997 |  12330 |  13 | 1357.5 |
       Dungeon |  16538 |  16054 |    484 |   1875 |  11598 |  11 | 1503.5 |
        Temple |    269 |    252 |     17 |      0 |    241 |   1 |  269.0 |
       Ossuary |    840 |    840 |      0 |    122 |    491 |   1 |  840.0 |
               +--------+--------+--------+--------+--------+-----+--------+

Top non-repeatable levels by time:
    D:10: 2000 daAuts
     D:1: 1970 daAuts
     D:7: 1778 daAuts
     D:2: 1681 daAuts
     D:6: 1658 daAuts
     D:8: 1449 daAuts
     D:4: 1341 daAuts
     D:9: 1316 daAuts
     D:3: 1264 daAuts
     D:5: 1087 daAuts
    D:11: 989 daAuts
 Ossuary: 840 daAuts
  Temple: 269 daAuts
